Map: Cyber Forest LE

Players

Trizztein

  • Race: Terran Terran
  • League: Diamond
  • Spawn Location: 11:00

jayvier - Winner!

  • Race: Terran Terran
  • League: Master
  • Spawn Location: 5:00

VOD

Have the link to the VOD?

Description

Works on maps with good blind spots in the main.

Cyber Forest is an example here.

Basically: 15 rax X2 then 16 refinery 1 and 17 refinery 2 (I'm still not sure if we go 3/3 on both refineries)

If you can, place the barracks so there's a 1 square corridor between them where the marauders can retreat if the SCVs try to surround them. Studder step the SCVs into this corridor!

Very simple yet effective!

Time

  • Played on: June 3, 2019, 10:05 a.m.
  • Length: 4:40
Show
View Real Time Build Order
Export as new Build Order

Trizztein Terran 

Build Orders:  

Get SALT Encoding   

  12  0:00  SCV  
  13  0:12  SCV  
  14  0:17  Supply Depot  
  14  0:24  SCV  
  15  0:29  Refinery  
  15  0:38  SCV  
  16  0:45  Barracks  
  16  0:50  SCV  
  17  0:57  Refinery  
  17  1:03  SCV  
  18  1:15  SCV  
  19  1:32  Reaper, Orbital Command  
  20  1:43  Factory  
  20  1:46  Supply Depot  
  20  1:59  SCV  
  21  2:04  Reaper  
  22  2:12  SCV  
  23  2:28  Hellion  
  26  2:34  Command Center  
  25  2:38  SCV  
  25  2:43  Reaper  
  27  2:50  SCV  
  28  2:52  Hellion  
  29  3:17  Reaper  
  29  3:18  Hellion  
Show
View Real Time Build Order
Export as new Build Order

jayvier Terran - Winner!

Build Orders:  

Get SALT Encoding   

  12  0:00  SCV  
  13  0:12  SCV  
  14  0:18  Supply Depot  
  14  0:25  SCV  
  15  0:43  Barracks  
  15  0:51  Barracks  
  15  0:55  SCV  
  16  1:00  Refinery  
  16  1:07  SCV  
  17  1:11  Refinery  
  17  1:19  SCV  
  18  1:32  SCV  
  19  1:45  Orbital Command  
  19  1:49  Barracks Tech Lab  
  19  1:52  Barracks Tech Lab  
  19  1:58  Supply Depot  
  19  2:08  Marauder, Concussive Shells  
  21  2:15  Marauder  
  23  2:19  SCV  
  24  2:29  Marauder  
  26  2:31  SCV  
  26  2:36  Marauder  
  29  2:39  Supply Depot  
  29  2:43  SCV  
  30  3:01  Marauder, Supply Depot  
  30  3:02  Marauder  
  34  3:23  Marauder  
  34  3:24  Marauder  
  38  3:44  Marauder  
Tags
 
Matchup
TvT
Race
Terran
Spawn Locations
Cross Positions
Add a new tag
Caveats
  • Supply blocks, unpowered buildings, or Contaminate may cause inaccurate times.
  • Supply counts are checked every 10 seconds.